 Dungeon Crawl Stone Soup version 0.27-a0-965-gbf8bb431c4 (webtiles) character file.

Game seed: 13304199750000332974

3514 fly the Zephyrmancer (level 10, -1/56 HPs)
             Began as a Tengu Air Elementalist on Apr 12, 2021.
             Was an Initiate of Qazlal.
             Shot with an arrow by a centaur warrior (19 damage)
             ... on level 8 of the Dungeon.
             The game lasted 00:16:08 (8764 turns).

fly the Zephyrmancer (Tengu Air Elementalist)       Turns: 8764, Time: 00:16:08

Health: -1/56      AC:  7    Str: 10    XL:     10   Next: 8%
Magic:  10/18      EV: 18    Int: 23    God:    Qazlal [......]
Gold:   383        SH:  0    Dex: 21    Spells: 9/19 levels left

rFire    . . .     SeeInvis +   b - +7 hunting sling "Wen Unao" {flame, rN+ Will- rCorr Int+6}
rCold    + . .     Faith    .   (no shield)
rNeg     + . .     Spirit   .   y - +1 leather armour {rC+}
rPois    .         Reflect  .   (helmet restricted)
rElec    .         Harm     .   q - +0 cloak {Stlth+}
rCorr    +         Rampage  .   r - +0 pair of gloves
Will     .....                  (boots unavailable)
Stlth    +++.......             g - amulet of regeneration
HPRegen  1.18/turn              l - +6 ring of dexterity
MPRegen  0.16/turn              D - ring of see invisible

@: flying quickly and evasively, studying Slings, quick
A: beak, talons 3, nimble flight
a: Renounce Religion


You were on level 8 of the Dungeon.
You worshipped Qazlal.
Qazlal was noncommittal.
You visited 2 branches of the dungeon, and saw 9 of its levels.

You collected 383 gold pieces.

Inventory:

Hand Weapons
 a - a +1 spear of venom
 b - the +7 hunting sling "Wen Unao" (weapon) {flame, rN+ Will- rCorr Int+6}
   (You found it on level 7 of the Dungeon)

   It causes projectiles fired from it to burn those they strike, causing extra
   injury to most foes and up to half again as much damage against particularly
   susceptible opponents.
   It affects your intelligence (+6).
   It protects you from negative energy.
   It protects you from acid and corrosion.
   It decreases your willpower.
 c - a +0 falchion
Missiles
 e - 36 bolts
Armour
 q - a +0 cloak of stealth (worn)
 r - a +0 pair of gloves (worn)
 y - a +1 leather armour of cold resistance (worn)
Magical Staves
 j - a staff of earth
 z - a staff of conjuration
Jewellery
 g - an amulet of regeneration (around neck)
 l - a +6 ring of dexterity (left hand)
 s - a ring of ice
 C - a ring of resist corrosion
 D - a ring of see invisible (right hand)
Wands
 h - a wand of iceblast (9)
 w - a wand of flame (27)
Scrolls
 d - a scroll of vulnerability {unknown}
 i - 3 scrolls of noise {unknown}
 k - 3 scrolls of teleportation {unknown}
 o - 3 scrolls of identify {unknown}
 p - a scroll of amnesia {unknown}
 v - 2 scrolls of fog {unknown}
 A - 2 scrolls of blinking {unknown}
 B - a scroll of silence {unknown}
Potions
 f - a potion of heal wounds {unknown}
 m - 2 potions of resistance {unknown}
 n - 2 potions of brilliance {unknown}
 t - a potion of attraction {unknown}
 u - a potion of might {unknown}
 x - 2 potions of invisibility {unknown}


   Skills:
 + Level 3.9 Fighting
 + Level 4.4 Long Blades
 + Level 5.2 Armour
 * Level 5.5 Dodging
 - Level 3.0 Stealth
 + Level 5.2 Spellcasting
 * Level 8.4 Conjurations
 + Level 9.2 Air Magic


You had 9 spell levels left.
You knew the following spells:

 Your Spells              Type           Power      Damage    Failure   Level
l - Lightning Bolt        Conj/Air       23%        1d38      9%          5
t - Airstrike             Air            24%        N/A       2%          4
z - Shock                 Conj/Air       100%       1d9       1%          1

Your spell library contained the following spells:

 Spells                   Type           Power      Damage    Failure   Level
 Swiftness                Air            48%        N/A       1%          2
 Static Discharge         Conj/Air       46%        N/A       1%          3


Dungeon Overview and Level Annotations

Branches:
Dungeon (8/15)             Temple (1/1) D:7
   Lair: D:8-11

Altars:
Cheibriados
Dithmenos
Elyvilon
Gozag
Hepliaklqana
Kikubaaqudgha
Makhleb
Nemelex Xobeh
Okawaru
Qazlal
Sif Muna
Trog
Uskayaw
Wu Jian
Xom
Yredelemnul
Zin
The Shining One

Shops:
D:8 *

Annotations:
D:4 1 runed translucent door, HoaS's ghost, novice DjIE


Innate Abilities, Weirdness & Mutations

You have a beak for a mouth.
You have claws for feet.
Your magical nature lets you fly swiftly and evasively.


Message History

The shadow imp shouts, "Flee, thou erky wibble-sucking toady!"
The centaur warrior unwields a +2 great sword of holy wrath.
It stops glowing.
The centaur warrior wields a +0 shortbow.
The centaur warrior shoots an arrow.
The arrow hits the orc wizard!
The orc wizard points at you and mumbles some strange words.
You resist with significant effort.
Casting: Shock (safe; 1% risk of failure)
Confirm with . or Enter, or press ? or * to list all spells.
Aiming: Shock (safe; 1% risk of failure)
Press: ? - help, Shift-Dir - straight line The zap hits the orc wizard but does no damage.
The orc wizard is severely wounded.
The zap hits the centaur warrior.
The centaur warrior is lightly wounded.
The zap hits the centaur warrior!
The centaur warrior is moderately wounded.
The centaur warrior shoots an arrow.
The arrow barely misses the orc wizard.
The arrow hits you!
Unknown command.
Casting: Shock (safe; 1% risk of failure)
Confirm with . or Enter, or press ? or * to list all spells.
Aiming: Shock (safe; 1% risk of failure)
Press: ? - help, Shift-Dir - straight line The zap hits the orc wizard!
You kill the orc wizard!
Qazlal accepts your kill.
The zap hits the centaur warrior.
The centaur warrior is moderately wounded.
The zap hits the centaur warrior.
The centaur warrior is moderately wounded.
The centaur warrior shoots an arrow.
The arrow closely misses you.
A death knight comes into view. It is wielding a +0 battleaxe.
The centaur warrior shoots an arrow.
The arrow hits you!!
Unknown command.
Unknown command.
The shadow imp gestures at you. Pain shoots through your body!
The centaur warrior shoots an arrow.
The arrow hits you!!
You die...

.......#
##..#.....###......#
.......#
##.......#..##....#
.......#
##>.........###...##
..†...##
#..........## ##..#
......#
##...........# #..#
......#
#............# ##.#
.......
..............# ###
.#####
#####.###.....##
#8.8.8#@...##
.#.8.8.#†..##
#.8.8.8)..##
.#.8.8.#..#
#8.8c8#..#
###.###5## ..) #.#
#.. #.# ... .p#


You could see a centaur warrior and a shadow imp.

Vanquished Creatures
  Joseph (D:7)
  A hornet (D:8)
  2 wraiths
  A vampire mosquito (D:8)
  Menkaure (D:7)
  2 water moccasins
  An orc warrior (D:6)
  A black bear (D:5)
  A centaur (D:8)
  4 ogres
  2 bullfrogs (D:6)
  A kobold brigand (D:8)
  A gnoll sergeant (D:8)
  3 scorpions
  A wyvern skeleton (D:7)
  A water moccasin skeleton (D:6)
  A killer bee (D:8)
  An electric eel (D:7)
  A howler monkey (D:7)
  2 centaur zombies (D:7)
  5 hounds
  2 bullfrog zombies
  2 jellies
  2 orc priests (D:4)
  A bullfrog skeleton (D:6)
  A gnoll shaman (D:7)
  Ijyb (D:5)
  3 iguanas (D:5)
  5 orc wizards
  A hound skeleton (D:4)
  13 gnolls
  A howler monkey skeleton (D:6)
  2 howler monkey zombies (D:8)
  3 adders
  A shadow imp (D:7)
  4 white imps
  3 ufetubi
  An adder zombie (D:5)
  A worm (D:3)
  A dart slug (D:3)
  14 orcs
  4 ball pythons
  3 endoplasms
  3 giant cockroaches
  4 goblins
  10 hobgoblins
  4 jackals (D:1)
  3 quokkas
  3 bats (D:3)
  9 kobolds
  8 rats
147 creatures vanquished.

Notes
Turn   | Place    | Note
-------+----------+-------------------------------------------
     0 | D:1      | fly the Tengu Air Elementalist began the quest for the Orb.
     0 | D:1      | Reached XP level 1. HP: 10/10 MP: 4/4
   159 | D:1      | Reached XP level 2. HP: 15/15 MP: 0/6
   687 | D:1      | Reached XP level 3. HP: 19/19 MP: 2/7
   870 | D:1      | Found a faded altar of an unknown god.
  1048 | D:1      | Reached skill level 5 in Air Magic
  1500 | D:2      | You fall into a shaft and drop 1 floor!
  1515 | D:3      | Reached XP level 4. HP: 24/24 MP: 3/8
  1531 | D:3      | Reached skill level 6 in Air Magic
  1741 | D:3      | Gained mutation: Your magical nature lets you fly swiftly
                  | and evasively. [Tengu growth]
  1741 | D:3      | Reached XP level 5. HP: 28/28 MP: 8/10
  2154 | D:3      | Found a burning altar of Makhleb.
  2365 | D:4      | Reached skill level 1 in Armour
  2365 | D:4      | Reached XP level 6. HP: 32/32 MP: 5/11
  2703 | D:4      | Found a runed translucent door.
  2714 | D:4      | Reached skill level 7 in Air Magic
  2782 | D:4      | Noticed HoaS's ghost (novice DjIE)
  3471 | D:5      | Entered Level 5 of the Dungeon
  3487 | D:5      | Reached XP level 7. HP: 33/36 MP: 4/13
  3604 | D:5      | Found an iron altar of Okawaru.
  3645 | D:5      | Reached skill level 1 in Long Blades
  3731 | D:5      | Reached skill level 1 in Fighting
  4029 | D:5      | Reached XP level 8. HP: 43/43 MP: 7/14
  4307 | D:5      | Reached skill level 5 in Conjurations
  4318 | D:5      | Learned a level 4 spell: Airstrike
  4324 | D:5      | Learned a level 5 spell: Lightning Bolt
  4552 | D:5      | Noticed Ijyb
  4560 | D:5      | Killed Ijyb
  4618 | D:5      | Found an opulent altar of Gozag.
  4676 | D:6      | Reached skill level 8 in Air Magic
  5046 | D:6      | Found a shimmering blue altar of Sif Muna.
  5306 | D:6      | Noticed a wraith
  5347 | D:6      | Killed a wraith
  5348 | D:6      | Reached XP level 9. HP: 32/49 MP: 0/16
  6079 | D:7      | Found a shimmering altar of Xom.
  6305 | D:7      | Noticed Joseph
  6312 | D:7      | Killed Joseph
  6607 | D:7      | Identified the +7 hunting sling "Wen Unao" {flame, rN+
                  | Will- rCorr Int+6}
  6645 | D:7      | Found a staircase to the Ecumenical Temple.
  6665 | Temple   | Entered the Ecumenical Temple
  6703 | Temple   | Became a worshipper of Qazlal Stormbringer
  7269 | D:7      | Noticed Menkaure
  7272 | D:7      | Killed Menkaure
  7487 | D:7      | Found a bloodstained altar of Trog.
  7556 | D:7      | Reached skill level 5 in Spellcasting
  7556 | D:7      | Reached skill level 9 in Air Magic
  8060 | D:8      | Reached skill level 5 in Armour
  8183 | D:8      | Found Simp's Elemental Accessories.
  8232 | D:8      | Reached skill level 5 in Dodging
  8347 | D:8      | Noticed a hornet
  8350 | D:8      | Killed a hornet
  8495 | D:8      | Reached XP level 10. HP: 56/56 MP: 7/18
  8757 | D:8      | Noticed a centaur warrior
  8763 | D:8      | Noticed a death knight
  8764 | D:8      | Shot with an arrow by a centaur warrior

Illustrated notes

Levels and vault maps discovered:
D:1:      minmay_arrival_stone_box, layout_basic, ebering_ecumenical_altar_rust,
          st_stairs_11
D:2:      layout_basic
D:3:      layout_rooms, lightli_temple_of_fire
D:4:      layout_cave_pods, ebering_ghost_sewer_d
D:5:      layout_cave_pools, lemuel_coloured_pillars_altar, okawaru_trees_2,
          uniq_ijyb
D:6:      layout_loops_cross, nicolae_sif_muna_condensation, grunt_ministairs_5,
          chequers_serial_rivers_micro_c, minmay_manual_mandibuliform
D:7:      layout_basic, xom_teletrap_fun, minmay_temple_entry_overgrown,
          kennysheep_diamond, uniq_menkaure, uniq_joseph
D:8:      minmay_the_grid_square_5x5_3x3
          [minmay_the_grid_square_5x5_checkered_statues,
          minmay_the_grid_square_5x5_inverted_slash,
          minmay_the_grid_square_5x5_three_small,
          minmay_the_grid_square_5x5_eight_small,
          minmay_the_grid_square_5x5_megaprize_open,
          minmay_the_grid_square_5x5_two_walls_b,
          minmay_the_grid_square_5x5_shuriken, minmay_the_grid_square_5x5_two,
          minmay_the_grid_square_5x5_half_checkered], layout_cave_pods,
          nicolae_elemental_shop, uniq_maggie
Temple:   minmay_temple_forest_path

Skill      XL: |  1  2  3  4  5  6  7  8  9 |
---------------+----------------------------+-----
Air Magic      | 5 6 7 8 9 |  9.2
Conjurations   | 2 3 4 6 8 |  8.4
Armour         | 1 2 4 5 |  5.2
Spellcasting   | 3 4 5 |  5.2
Long Blades    | 2 3 4 |  4.4
Fighting       | 1 2 3 |  3.9
Dodging        | 3 4 5 |  5.5
Stealth        | 3 |  3.0

Action                   |  1- 3 |  4- 6 |  7- 9 | 10-12 || total
-------------------------+-------+-------+-------+-------++-------
Melee: Unarmed           |       |     6 |       |       ||     6
       Kick              |       |     1 |     6 |       ||     7
       Peck              |       |     1 |     3 |       ||     4
       Spear             |       |     2 |    20 |       ||    22
 Cast: Shock             |    69 |   105 |   216 |    16 ||   406
       Airstrike         |       |       |    24 |     3 ||    27
Evoke: Wand              |       |       |     1 |       ||     1
 Stab: Sleeping          |       |       |     2 |       ||     2
Armor: Robe              |     1 |       |       |       ||     1
       Leather armour    |       |     2 |    15 |       ||    17
Dodge: Dodged            |     6 |    16 |    81 |    10 ||   113

Table legend: (Time is in decaauts)
 A = Elapsed time spent in this place.
 B = Non-inter-level travel time spent in this place.
 C = Inter-level travel time spent in this place.
 D = Time resting spent in this place.
 E = Time spent auto-exploring this place.
 F = Levels seen in this place.
 G = Mean time per level.
                   A        B        C        D        E       F      G
               +--------+--------+--------+--------+--------+-----+--------+
         Total |   8393 |   8177 |    216 |    289 |   6919 |   9 |  932.6 |
       Dungeon |   7935 |   7771 |    164 |    289 |   6522 |   8 |  991.9 |
        Temple |    458 |    406 |     52 |      0 |    396 |   1 |  458.0 |
               +--------+--------+--------+--------+--------+-----+--------+

Top non-repeatable levels by time:
     D:6: 1367 daAuts
     D:7: 1290 daAuts
     D:1: 1284 daAuts
     D:4: 1138 daAuts
     D:5: 1132 daAuts
     D:8: 771 daAuts
     D:3: 735 daAuts
  Temple: 458 daAuts
     D:2: 215 daAuts
